 Dungeon Sprint DCSS version 0.23.0-28-g6fe0f4d (webtiles) character file.

Game seed: 8176184271809792800

427 sanboga the Cleaver (level 6, -9/45 HPs)
             Began as a Gargoyle Berserker on Feb 25, 2019.
             Was a Believer of Trog.
             Killed by an exploding ballistomycete spore (20 damage)
             ... in the Dungeon (Sprint I: "Red Sonja").
             The game lasted 00:01:16 (501 turns).

sanboga the Cleaver (Gargoyle Berserker)             Turns: 501, Time: 00:01:17

Health: -9/45      AC: 16    Str: 22    XL:     6   Next: 97%
Magic:  6/6        EV: 10    Int:  8    God:    Trog [**....]
Gold:   405        SH:  0    Dex:  9    Spells: 5/5 levels left

rFire    . . .     SeeInvis .   a - +0 hand axe
rCold    + . .     Gourm    .   (no shield)
rNeg     + . .     Faith    .   k - +4 scale mail {rC+}
rPois    ∞         Spirit   .   (no helmet)
rElec    +         Reflect  .   (no cloak)
rCorr    .         Harm     .   (no gloves)
MR       .....     NoTele   +   (no boots)
Stlth    ..........             (no amulet)
HPRegen  0.15/turn              (no ring)
MPRegen  0.10/turn              (no ring)

@: no status effects
A: negative energy resistance 1, electricity resistance, unbreathing,
petrification resistance, rot immunity, AC +4
a: Berserk, Trog's Hand, Renounce Religion


You were in the Dungeon.
You worshipped Trog.
Trog was pleased with you.
You were not hungry.

You visited 1 branch You collected 405 gold pieces.

Inventory:

Hand Weapons
 a - a +0 hand axe (weapon)
Armour
 k - a +4 scale mail of cold resistance (worn)
Wands
 j - a wand of polymorph (14)
Scrolls
 i - a scroll of blinking
Potions
 d - a potion of curing
 e - a potion of heal wounds
 f - a potion of haste
 g - 2 potions of magic
 h - a potion of berserk rage


   Skills:
 + Level 8.6 Fighting
 * Level 9.7 Axes
 + Level 8.2 Armour
 - Level 1.5 Dodging


You had 5 spell levels left.
You didn't know any spells.
Your spell library was empty.

Dungeon Overview and Level Annotations

Branches:
Dungeon (1/1)

Altars:
Cheibriados
Dithmenos
Elyvilon
Fedhas
Gozag
Hepliaklqana
Kikubaaqudgha
Nemelex Xobeh
Okawaru
Qazlal
Ru
Sif Muna
Trog
Uskayaw
Vehumet
Wu Jian
Yredelemnul
Zin
The Shining One

Shops:
D :


Innate Abilities, Weirdness & Mutations

You are resistant to torment.
Your stone body is resilient. (AC +4)
You are immune to poison.
You resist negative energy. (rN+)
You are resistant to electric shocks. (rElec)
You can survive without breathing.
You are immune to petrification.
You are immune to rotting.


Message History

You feel yourself speed up.
You start resting.
You recover from your berserk rage.
You eat the ration.
That ration really hit the spot!
You open the door. 2 ballistomycete spores come into view.
The ballistomycete spore waves its rhizomes. x2
A ballistomycete grows in the wake of the ballistomycete spore.
Found four items.
Your scale mail prevents you from hitting the ballistomycete spore.
The ballistomycete spore explodes!
The explosion of spores engulfs you!!
Ouch! That really hurt!
* * * LOW HITPOINT WARNING * * *
The explosion of spores engulfs the ballistomycete spore!
The ballistomycete spore explodes!
A fungus suddenly grows.
The explosion of spores engulfs the ballistomycete.
The explosion of spores engulfs you!!
You die...

#.[#__####..##.#
#..#_____##'#_.+
#⌠⌠#_.∩...'..._#
####_..__##_(#'#
#_____###'#.#
#########.###
+...+ #.).#
##@## #'#


!PP $$(!$ ####### There were no monsters in sight!

Vanquished Creatures
  A wyvern (D)
  A yak (D)
  An ogre (D)
  A jelly (D)
  Ijyb (D)
  An adder (D)
6 creatures vanquished.

Notes
Turn   | Place    | Note
-------+----------+-------------------------------------------
     0 | D        | sanboga the Gargoyle Berserker began the quest for the Orb.
     0 | D        | Reached XP level 1. HP: 14/14 MP: 1/1
     2 | D        | Noticed Ijyb
    19 | D        | Killed Ijyb
    19 | D        | Reached skill level 4 in Axes
    19 | D        | Reached XP level 2. HP: 17/20 MP: 2/2
    19 | D        | Reached XP level 3. HP: 20/24 MP: 3/3
    92 | D        | Noticed an ogre
    97 | D        | Killed an ogre
    97 | D        | Reached skill level 6 in Axes
    97 | D        | Reached skill level 5 in Armour
    97 | D        | Reached XP level 4. HP: 28/32 MP: 4/4
   218 | D        | Noticed Sigmund
   219 | D        | Noticed Sigmund
   219 | D        | Sigmund changed into Sigmund the adder
   232 | D        | Killed Sigmund the adder
   232 | D        | Reached ** piety under Trog
   232 | D        | Reached XP level 5. HP: 34/36 MP: 5/5
   247 | D        | Found an ornate altar of the Wu Jian Council.
   247 | D        | Found a deep blue altar of Sif Muna.
   249 | D        | Found a radiant altar of Vehumet.
   253 | D        | Reached skill level 7 in Axes
   285 | D        | Found Qujukh's Book Emporium.
   285 | D        | Found an ancient bone altar of Kikubaaqudgha.
   285 | D        | Found a hazy altar of Hepliaklqana.
   285 | D        | Found a stormy altar of Qazlal.
   285 | D        | Found a hide-covered altar of Uskayaw.
   285 | D        | Found a blossoming altar of Fedhas.
   285 | D        | Found a bloodstained altar of Trog.
   285 | D        | Found an iron altar of Okawaru.
   285 | D        | Found a basalt altar of Yredelemnul.
   285 | D        | Found a glowing golden altar of the Shining One.
   285 | D        | Found a snail-covered altar of Cheibriados.
   285 | D        | Found a sacrificial altar of Ru.
   285 | D        | Found a glowing silver altar of Zin.
   285 | D        | Found a shadowy altar of Dithmenos.
   285 | D        | Found a white marble altar of Elyvilon.
   285 | D        | Noticed a yak
   296 | D        | Killed a yak
   296 | D        | Reached skill level 8 in Axes
   296 | D        | Reached XP level 6. HP: 15/44 MP: 6/6
   297 | D        | Found an opulent altar of Gozag.
   298 | D        | Found a sparkling altar of Nemelex Xobeh.
   467 | D        | Noticed Sonja
   468 | D        | Noticed Sonja
   468 | D        | Sonja changed into Sonja the wyvern
   471 | D        | Killed Sonja the wyvern
   471 | D        | Reached skill level 9 in Axes
   501 | D        | Killed by an exploding ballistomycete spore

Skill      XL: |  1  2  3  4  5  6 |
---------------+-------------------+-----
Fighting       | 4 6 7 8 |  8.6
Axes           | 4 6 8 9 |  9.7
Armour         | 3 5 7 8 |  8.2
Dodging        | |  1.5

Action                   |  1- 3 |  4- 6 || total
-------------------------+-------+-------++-------
Melee: Unarmed           |    11 |       ||    11
       Hand axe          |     7 |    28 ||    35
Invok: Berserk           |     2 |     2 ||     4
Evoke: Wand              |     1 |     2 ||     3
  Use: Scroll            |       |     1 ||     1
  Eat: Ration            |       |     1 ||     1
Armor: Scale mail        |       |    13 ||    13
Dodge: Dodged            |     4 |     6 ||    10
